 Dungeon Crawl Stone Soup version 0.18.1-48-g4cf74bf (webtiles) character file.

803 BabyRage the Magician (level 7, 0/36 HPs)
             Began as a Deep Elf Wizard on July 12, 2016.
             Slain by an ogre
             ... wielding a +0 giant club
              (14 damage)
             ... on level 5 of the Dungeon.
             The game lasted 00:15:36 (5424 turns).

BabyRage the Magician (Deep Elf Wizard)             Turns: 5424, Time: 00:15:37

Health: 0/36       AC:  3    Str:  4    XL:     7   Next: 59%
Magic:  10/20      EV: 13    Int: 25    God:
Gold:   240        SH:  2    Dex: 13    Spells: 5 memorised, 10 levels left

rFire  . . .     SeeInvis .     (no weapon)
rCold  . . .     Gourm    .     f - +1 robe
rNeg   . . .     Faith    .     (no shield)
rPois  .         Spirit   .     b - +0 hat
rElec  .         Dismiss  .     (no cloak)
rCorr  .         Reflect  +     (no gloves)
SustAt .         Harm     .     (no boots)
MR     .....                    w - +2 amulet of reflection
Stlth  ++........               (no ring)
                                t - +1 ring of evasion

@: repel missiles, drained, not resistant to hostile enchantments, unstealthy
A: no striking features
a: no special abilities


You were on level 5 of the Dungeon.
You were not hungry.

You visited 1 branch of the dungeon, and saw 5 of its levels.

You collected 240 gold pieces.

Inventory:

Armour
 b - a +0 hat (worn)
 f - a +1 robe (worn)
 m - a +0 buckler of protection
Jewellery
 t - a +1 ring of evasion (left hand)
 w - a +2 amulet of reflection (around neck)
Wands
 o - a wand of acid (10/15)
 u - a wand of flame (29/48)
Scrolls
 a - 2 scrolls of teleportation
 e - 2 scrolls of enchant armour
 v - a scroll of amnesia
 y - a scroll of magic mapping
Potions
 g - a potion of berserk rage {unknown}
 i - 2 potions of degeneration {unknown}
 j - 2 potions of heal wounds {unknown}
 l - a potion of invisibility {unknown}
 n - a potion of lignification {unknown}
 s - a potion of magic {unknown}
 x - a potion of ambrosia {unknown}
 z - a potion of cancellation {unknown}
 B - a potion of curing {unknown}
 C - a potion of mutation {unknown}
Books
 c - a book of Minor Magic

   Spells                             Type                      Level
   a - Magic Dart                     Conjuration                  1
   b - Blink                          Translocation                2
   c - Call Imp                       Summoning                    2
   d - Repel Missiles                 Charms/Air                   2
   e - Slow                           Hexes                        2
   f - Conjure Flame                  Conjuration/Fire             3
   g - Mephitic Cloud                 Conjuration/Poison/Air       3
 q - a book of Necromancy

   Spells                             Type                      Level
   a - Pain                           Necromancy                   1
   b - Animate Skeleton               Necromancy                   1
   c - Vampiric Draining              Necromancy                   3
   d - Regeneration                   Charms/Necromancy            3
   e - Animate Dead                   Necromancy                   4
   f - Control Undead                 Necromancy                   4
Comestibles
 d - 2 bread rations
 h - 2 beef jerkies
 k - 2 meat rations
 p - 5 fruits
 A - a slice of pizza


   Skills:
 - Level 2.4(2.1) Dodging
 - Level 2.4(2.1) Stealth
 + Level 3.6(3.3) Shields
 + Level 7.9(7.7) Spellcasting
 + Level 5.5(5.3) Conjurations
   Level 1.1(0.8) Summonings
 - Level 1.1(0.8) Translocations


You had 10 spell levels left.
You knew the following spells:

 Your Spells              Type           Power        Failure   Level  Hunger
a - Magic Dart            Conj           ####         1%          1    None
b - Blink                 Tloc           N/A          10%         2    None
c - Repel Missiles        Chrm/Air       #.....       12%         2    None
d - Conjure Flame         Conj/Fire      ###.....     8%          3    None
e - Mephitic Cloud        Conj/Pois/Air  ###.....     12%         3    None


Dungeon Overview and Level Annotations

Branches:
Dungeon (5/15)
 Temple: D:4-7

Altars:
Ashenzari
Fedhas
Okawaru
Sif Muna
Trog

Shops:
D:4 :

Annotations:
D:2 1 exclusion, Purgy, Sigmund


Message History

Casting: Magic Dart
Confirm with . or Enter, or press ? or * to list all spells.
Aiming: Magic Dart
Press: ? - help, Shift-Dir - straight line, f/p - ogre
Aim: an ogre, wielding a giant club (almost dead)
The magic dart hits the ogre.
The ogre is almost dead.
Casting: Magic Dart
Confirm with . or Enter, or press ? or * to list all spells.
Aiming: Magic Dart
Press: ? - help, Shift-Dir - straight line, f/p - ogre
Aim: an ogre, wielding a giant club (almost dead)
The magic dart hits the ogre.
The ogre is almost dead.
The ogre hits you with a giant club!!
Ouch! That really hurt!
* * * LOW HITPOINT WARNING * * *
There is an open door here.
The ogre hits you with a giant club!
You die...

#................
#####..##########...
#..##..##...##.###+##
+......>#...........+ ..
#.......#...........# ..
#.......+...........#...
##...####.#######...#...
##...####.##...##...#...
#......@O.+.........#...
#.........#.........#...
#.........#.........#...
##...##...###..###..#...
#...###'####..###..##..
.....#...........#...#..
......#.....>.....#...#..
......#...........#...'..
.... +...........#...#..


You could see an ogre.

Vanquished Creatures
  The ghost of Jerry the Chiller, a novice HuIE of Kikubaaqudgha (D:4)
  3 ogres
  A scorpion (D:4)
  An iguana (D:4)
  3 orc wizards
  A howler monkey skeleton (D:5)
  3 gnolls (D:4)
  4 adders (D:3)
  A shadow imp (D:5)
  An adder skeleton (D:3)
  A dart slug (D:2)
  A giant gecko (D:4)
  7 orcs
  2 ball pythons
  6 bats
  2 giant cockroaches
  7 goblins
  5 hobgoblins
  8 jackals
  2 giant newts
  5 kobolds
  5 rats
70 creatures vanquished.

Notes
Turn   | Place    | Note
--------------------------------------------------------------
     0 | D:1      | BabyRage the Deep Elf Wizard began the quest for the Orb.
     0 | D:1      | Reached XP level 1. HP: 10/10 MP: 7/7
   342 | D:1      | Reached XP level 2. HP: 15/15 MP: 3/9
   409 | D:1      | Learned a level 2 spell: Blink
   412 | D:1      | Learned a level 2 spell: Repel Missiles
  1208 | D:2      | Found a bloodstained altar of Trog.
  1374 | D:2      | Reached skill level 5 in Spellcasting
  1417 | D:2      | Reached XP level 3. HP: 19/19 MP: 2/11
  1494 | D:2      | Learned a level 3 spell: Conjure Flame
  1498 | D:2      | Learned a level 3 spell: Mephitic Cloud
  1587 | D:2      | Noticed Sigmund
  2014 | D:3      | Found a blossoming altar of Fedhas.
  2214 | D:3      | Reached XP level 4. HP: 24/24 MP: 2/13
  2365 | D:3      | Reached skill level 1 in Shields
  2555 | D:3      | Noticed Purgy
  2769 | D:3      | Found a deep blue altar of Sif Muna.
  2794 | D:3      | Reached XP level 5. HP: 21/28 MP: 5/15
  3253 | D:4      | Noticed an ogre
  3392 | D:3      | Killed an ogre
  3392 | D:3      | Reached skill level 6 in Spellcasting
  3493 | D:4      | Found a bloodstained altar of Trog.
  3511 | D:4      | Found Aroujod's Book Boutique.
  3552 | D:4      | Noticed an ogre
  3559 | D:4      | Killed an ogre
  3559 | D:4      | Reached XP level 6. HP: 32/32 MP: 4/17
  3703 | D:4      | Noticed Jerry's ghost (novice HuIE)
  3723 | D:4      | Noticed an ice beast
  3728 | D:4      | Noticed an ice beast
  3733 | D:4      | Noticed an ice beast
  3830 | D:4      | Noticed an ice beast
  3833 | D:4      | Noticed an ice beast
  3841 | D:4      | Noticed an ice beast
  4114 | D:4      | Noticed an ice beast
  4209 | D:4      | Noticed an ice beast
  4214 | D:4      | Noticed an ice beast
  4215 | D:4      | Noticed an ice beast
  4223 | D:4      | Noticed an ice beast
  4224 | D:4      | Killed Jerry's ghost
  4224 | D:4      | Reached skill level 7 in Spellcasting
  4224 | D:4      | Reached skill level 5 in Conjurations
  4224 | D:4      | Reached XP level 7. HP: 33/36 MP: 1/19
  4779 | D:4      | Found an iron altar of Okawaru.
  4808 | D:4      | Found a shattered altar of Ashenzari.
  5265 | D:5      | Entered Level 5 of the Dungeon
  5424 | D:5      | Slain by an ogre

Skill      XL: |  1  2  3  4  5  6 |
---------------+-------------------+-----
Conjurations   | 2 3 4 5 |  5.5
Spellcasting   | 5 6 7 |  7.9
Shields        | 1 2 3 |  3.6
Dodging        | |  2.4
Stealth        | |  2.4
Summonings     | |  1.1
Translocations | |  1.1

Action                   |  1- 3 |  4- 6 |  7- 9 || total
-------------------------+-------+-------+-------++-------
Melee: Unarmed           |     4 |       |       ||     4
 Cast: Magic Dart        |    89 |    87 |    80 ||   256
       Repel Missiles    |     1 |       |     1 ||     2
       Conjure Flame     |       |     6 |     6 ||    12
       Mephitic Cloud    |       |     2 |     1 ||     3
       Blink             |       |     1 |       ||     1
  Use: Scroll            |     3 |       |     4 ||     7
  Eat: Chunk             |     4 |     1 |     4 ||     9
       Bread ration      |       |     1 |       ||     1
Armor: Robe              |     4 |     3 |       ||     7
Dodge: Dodged            |    25 |    21 |    14 ||    60
       Deflected         |       |       |     5 ||     5
Block: Other             |       |     2 |     1 ||     3
